 Dungeon Crawl Stone Soup version 0.17-a0-1562-g9b2c768 (webtiles) character file.

240 HEYYEYAAE the Skirmisher (level 5, -1/47 HPs)
             Began as a Draconian Berserker on July 20, 2015.
             Was a Priest of Trog.
             Killed by divine providence
             ... invoked by an orc priest
              (15 damage)
             ... on level 3 of the Dungeon.
             The game lasted 00:03:16 (2126 turns).

HEYYEYAAE the Skirmisher (Draconian Berserker)      Turns: 2126, Time: 00:03:16

Health: -1/47      AC:  6    Str: 21    XL:     5   Next: 80%
Magic:  5/5        EV: 13    Int:  7    God:    Trog [***...]
Gold:   98         SH:  0    Dex: 10    Spells: 0 memorised, 4 levels left

rFire  . . .     SeeInvis .     j - +1 dagger (venom)
rCold  . . .     Clarity  .     (armour unavailable)
rNeg   . . .     SustAt   .     (no shield)
rPois  .         Gourm    .     (helmet restricted)
rElec  .         Spirit   .     (no cloak)
rCorr  .         Warding  .     d - +0 pair of gloves
rMut   .         Stasis   .     (no boots)
MR     +....                    (no amulet)
Stlth  +.........               (no ring)
                                g - ring of protection from magic

@: exhausted, slowed, very slow, somewhat resistant to hostile enchantments,
very unstealthy
A: unfitting armour, cold-blooded, AC +5
a: Burn Spellbooks, Berserk, Trog's Hand, Renounce Religion


You were on level 3 of the Dungeon.
You worshipped Trog.
Trog was most pleased with you.
You were very hungry.

You visited 1 branch of the dungeon, and saw 3 of its levels.

You collected 98 gold pieces.

Inventory:

Hand weapons
 a - a +0 falchion
 j - a +1 dagger of venom (weapon)
Missiles
 l - 7 javelins (quivered)
Armour
 d - a +0 pair of gloves (worn)
Jewellery
 g - a ring of protection from magic (left hand)
Scrolls
 c - 3 scrolls of identify {unknown}
 f - a scroll of fear {unknown}
 n - a scroll of magic mapping {unknown}
 o - a scroll of immolation {unknown}
Potions
 e - a potion of magic {unknown}
 i - 2 potions of curing
 m - a potion of lignification {unknown}
 p - a potion of cure mutation {unknown}
Comestibles
 b - 2 bread rations
 h - 3 meat rations
 k - a slice of pizza


   Skills:
 * Level 4.9 Fighting
 + Level 4.0 Long Blades
 * Level 4.4 Dodging


You had 4 spell levels left.
You didn't know any spells.

Dungeon Overview and Level Annotations

Branches:
Dungeon (3/15)

Altars:


Innate Abilities, Weirdness & Mutations

Your plain brown scales are hard (AC +5).
Your body does not fit into most forms of armour.
You are cold-blooded and may be slowed by cold attacks.


Message History

You kill Natasha!
Trog accepts your kill.
Trog appreciates your killing of a magic user.
Natasha screams in pain as she dies!
The crimson imp disappears in a puff of smoke!
An orc priest comes into view.
It is wielding a dagger of electrocution.
You feel a strong urge to attack something.
You feel your anger subside.
You are no longer berserk.
You are exhausted.
You feel yourself slow down.
You are feeling very hungry.
The orc priest invokes the aid of Beogh against you.
You resist with some effort.
You hit the orc priest but do no damage.
The orc priest is poisoned.
You tail-slap the orc priest.
The orc priest is lightly wounded.
The orc priest invokes the aid of Beogh against you.
Something smites you!
You die...

#........###.####
##........# #.#####
#..#......###.....#
###
#..#.......#....(..
...#..........#.###...
##.###........#.......
#.............#..##..#
#......###+##....##...
#.###@.)...#####'##.##
# #o###### #.......
.####'###K# #...).#+
....5..(o.# #.......
.........## #.......
..ยง......# #.......
.........#
#######.....#+
o....?...#
#.....)..)..#.
...o.....#
#........####.


You could see an orc priest, an orc and a kobold.

Vanquished Creatures
  A phantom (D:3)
  Natasha (twice) (D:3)
  3 adders (D:3)
  4 worms
  3 giant geckos
  8 orcs (D:3)
  2 ball pythons
  8 hobgoblins
  3 jackals (D:1)
  A quokka (D:2)
  9 bats
  3 giant cockroaches
  A giant newt (D:1)
  9 goblins
  7 kobolds
  10 rats
74 creatures vanquished.

Notes
Turn   | Place    | Note
--------------------------------------------------------------
     0 | D:1      | HEYYEYAAE the Draconian Berserker began the quest for the Orb.
     0 | D:1      | Reached XP level 1. HP: 19/19 MP: 1/1
   273 | D:1      | Reached XP level 2. HP: 23/26 MP: 2/2
   668 | D:1      | Acquired Trog's second power
   673 | D:1      | Reached XP level 3. HP: 31/31 MP: 3/3
  1568 | D:3      | Reached skill level 4 in Fighting
  1585 | D:3      | Reached XP level 4. HP: 26/40 MP: 4/4
  1888 | D:3      | Noticed Natasha
  1900 | D:3      | Killed Natasha
  2003 | D:3      | Noticed a phantom
  2028 | D:3      | Killed a phantom
  2028 | D:3      | Reached XP level 5. HP: 32/47 MP: 5/5
  2106 | D:3      | Noticed Natasha
  2120 | D:3      | Killed Natasha
  2126 | D:3      | Killed from afar by an orc priest

Vault maps used:
D:1:      dpeg_arrival_round_c
D:2:      serial_glass, glass_columns_b, glass_columns_a
D:3:      minmay_ruptured, uniq_natasha

Action                   |  1- 3 |  4- 6 || total
-------------------------+-------+-------++-------
Melee: Falchion          |    90 |    11 ||   101
       Dagger            |    46 |    67 ||   113
Invok: Berserk           |       |     4 ||     4
  Eat: Chunk             |     2 |     5 ||     7
